 Dungeon Crawl Stone Soup version 0.20.2-3-g29329e0561 (webtiles) character file.

373 Alfie the Shield-Bearer (level 6, -6/53 HPs)
             Began as a Hill Orc Fighter on Oct 23, 2023.
             Killed by nerve-wracking pain
             ... invoked by an orc priest
              (12 damage)
             ... on level 4 of the Dungeon.
             The game lasted 00:06:33 (2174 turns).

Alfie the Shield-Bearer (Hill Orc Fighter)          Turns: 2174, Time: 00:06:33

Health: -6/53      AC: 16    Str: 21    XL:     6   Next: 71%
Magic:  6/6        EV:  1    Int:  8    God:
Gold:   218        SH:  9    Dex: 10    Spells: 5/5 levels left

rFire    . . .     SeeInvis .   a - +0 rapier
rCold    . . .     Gourm    .   c - +0 shield
rNeg     . . .     Faith    .   h - +0 crystal plate armour
rPois    .         Spirit   .   (no helmet)
rElec    .         Reflect  .   (no cloak)
rCorr    .         Harm     .   (no gloves)
MR       .....                  (no boots)
Stlth    ..........             (no amulet)
Regen    0.2/turn               (no ring)
MPRegen  0.1/turn               (no ring)

@: no status effects
A: no striking features
a: Convert to Beogh


You were on level 4 of the Dungeon.
You were not hungry.

You visited 1 branch of the dungeon, and saw 4 of its levels.

You collected 218 gold pieces.

Inventory:

Hand Weapons
 a - a +0 rapier (weapon)
Armour
 c - a +0 shield (worn)
 h - a +0 crystal plate armour (worn)
Jewellery
 e - a +2 ring of intelligence {unknown}
 n - a cursed +2 ring of slaying {unknown}
Scrolls
 d - a scroll of remove curse
 k - 5 scrolls of identify {unknown}
 l - a scroll of blinking {unknown}
 m - a scroll of magic mapping {unknown}
 q - 2 scrolls of teleportation
 r - 4 scrolls of fog {unknown}
 u - a scroll of recharging {unknown}
Potions
 b - a potion of haste {unknown}
 i - 2 potions of lignification {unknown}
 j - a potion of curing
 o - a potion of brilliance {unknown}
 p - a potion of magic {unknown}
 s - a potion of agility {unknown}
 t - 2 potions of mutation {unknown}
 v - a potion of flight {unknown}
 w - a potion of heal wounds
 x - a potion of degeneration {unknown}
Comestibles
 f - 2 bread rations
 g - 2 meat rations


   Skills:
 + Level 4.6 Fighting
 + Level 4.4 Short Blades
 + Level 4.4 Armour
 + Level 1.0 Dodging
 + Level 4.9 Shields


You had 5 spell levels left.
You didn't know any spells.

Dungeon Overview and Level Annotations

Branches:
Dungeon (4/15)
 Temple: D:4-7

Altars:
Elyvilon
Ru


Message History

The orc wizard flickers and vanishes!
Deactivating autopickup; reactivate with Ctrl-A.
The orc priest hits you but does no damage.
You hit the orc priest.
The orc priest is moderately wounded.
The orc priest mumbles some strange prayers to Beogh against you.
Beogh smites you!
* * * LOW HITPOINT WARNING * * *
The orc priest hits you but does no damage.
You hit the orc priest.
The orc priest shouts, "Surrender to Beogh and we'll let you live!"
The orc priest is severely wounded.
The orc priest shouts, "Surrender to Beogh and we'll let you live!"
The orc priest shouts, "Beogh is our master!
Accept the truth or die!"
The orc priest hits you but does no damage.
You hit the orc priest.
The orc priest is almost dead.
The orc priest calls down the wrath of Beogh upon you.
Pain shoots through your body!
You die...

.#### .. .... #
. ... .. #. ...
... #. #.## ....
#..#.. .....
####..#.##......
........@oo.....
####.##.####...#
#.##.# .
###.##.#
#......#
#.#..### ## #
#.#..# ... #.
#.#..# #.#
#..##.#..# #.# #


You could see 2 orc priests.

Vanquished Creatures
  Sigmund (D:3)
  Jessica (D:3)
  A worker ant (D:4)
  4 gnolls (D:3)
  3 adders
  An ooze (D:1)
  An adder skeleton (D:4)
  2 worms
  A dart slug (D:2)
  2 leopard geckos
  2 orcs
  4 bats
  2 giant cockroaches
  11 goblins
  10 hobgoblins
  6 kobolds
  2 ball pythons (D:3)
  6 frilled lizards
  17 rats
77 creatures vanquished.

Notes
Turn   | Place    | Note
-------+----------+-------------------------------------------
     0 | D:1      | Alfie the Hill Orc Fighter began the quest for the Orb.
     0 | D:1      | Reached XP level 1. HP: 19/19 MP: 1/1
    72 | D:1      | Reached XP level 2. HP: 23/26 MP: 2/2
   189 | D:1      | Reached XP level 3. HP: 14/33 MP: 3/3
   628 | D:2      | Reached XP level 4. HP: 8/40 MP: 4/4
  1195 | D:3      | Noticed Sigmund
  1208 | D:3      | Killed Sigmund
  1208 | D:3      | Reached skill level 1 in Dodging
  1208 | D:3      | Reached XP level 5. HP: 42/47 MP: 5/5
  1208 | D:3      | Reached XP level 6. HP: 48/53 MP: 6/6
  1423 | D:3      | Noticed Jessica
  1444 | D:3      | Killed Jessica
  1741 | D:3      | Found a white marble altar of Elyvilon.
  2039 | D:3      | Found a sacrificial altar of Ru.
  2174 | D:4      | Killed from afar by an orc priest

Skill      XL: |  1  2  3  4 |
---------------+-------------+-----
Fighting       | 4 |  4.6
Shields        | 4 |  4.9
Armour         | 4 |  4.4
Short Blades   | 4 |  4.4
Dodging        | 1 |  1.0

Action                   |  1- 3 |  4- 6 || total
-------------------------+-------+-------++-------
Melee: Rapier            |   130 |   153 ||   283
  Use: Scroll            |     2 |       ||     2
       Potion            |     1 |     1 ||     2
  Eat: Bread ration      |       |     1 ||     1
Armor: Scale mail        |    52 |       ||    52
       Crystal plate arm |       |   117 ||   117
Dodge: Dodged            |    28 |     7 ||    35
Block: Shield            |    60 |    69 ||   129
